← All builds
Air / Cortex / Economy first / OBSERVED BUILD

Standard air

Cortex Air build order · Supreme Isthmus

Economy-first air build: Aircraft Plant then Advanced Metal Extractor and Fusion Reactor, making transports and scouts for allies while transitioning into fighters and occasional bombers over the whole game.

Usually transports first (78%)

#eco #air #team support · 1506 distinct matches · 252 players · 81% of Cortex Air games · team won 46% of 1811 · Recently observed

HOW TO PLAY IT

Key timing: Aircraft Plant by 1:24

  1. Open 3 mex and wind, then drop Aircraft Plant early.
  2. Finish Aircraft Plant and start fighters for scouting and defense.
  3. Eat the Aircraft Plant once production needs outgrow it.
  4. Get Advanced Metal Extractor up to scale eco.
  5. Bring Fusion Reactor online and keep feeding transports, scouts, fighters to allies.

Phase by phase

TYPICAL OF ITS 1506 GAMES
  1. 1
  2. 2
  3. 3
PLAY THE OPENING

Follow the example game's first 6:00 step by step: what to build now, what comes next, and where it goes. At 1× it keeps pace with your own game.

  1. 1

    Up to the Aircraft Plant

    Economy
    • Metal Extractor3Mex
    • Wind Turbine4Wind
    Order
    1. Aircraft PlantAircraft Plant after 3 mex, 4 winddone ~1:26, middle half 1:14–1:35

    Some games also: energy storage (38%)

    By 1:07 in all: 3 mex · 4 wind

    The example game in this phase · 3 steps
    1. Mex ×3
    2. Wind ×6
    3. Aircraft PlantAircraft Plantdone 1:31 · typical 1:26
  2. 2

    Aircraft Plant to 5:00

    Economy
    • Metal Extractor1Mex
    • Wind Turbine9Wind
    • Wind Turbine3Wind
    Builders
    • Construction Turret2 Con turret
    • Construction Aircraft1 Con aircraft
    Army
    • Valiant5 Valiant
    • Hercules2 Light transport for allies
    • Finch2 Finch for allies
    • Finch1 Finch
    • Hephaestus1 Heavy transport for allies

    Some games also: shuriken (49%) · energy storage (45%) · converter (44%) · light transport (40%)

    By 5:00 in all: 3 mex · 1 mex · 13 wind · 3 wind · 1 energy storage · 2 con turret

    The example game in this phase · 27 steps
    1. FinchFinch ×2for Beach sea
    2. Wind ×2
    3. HephaestusHeavy transportfor Geo sea
    4. Wind ×2
    5. HerculesLight transportfor Tech
    6. FinchFinch
    7. ValiantValiant ×2
    8. HerculesLight transport
    9. ValiantValiant ×2
    10. Mex
    11. Wind
    12. ValiantValiant
    13. Wind
    14. Wind
    15. Wind
    16. Energy storage
    17. ValiantValiant
    18. Construction AircraftCon aircraft
    19. Wind
    20. Construction AircraftCon aircraft
    21. Con turret
    22. Wind
    23. Con turret
    24. Wind
    25. ValiantValiant ×2
    26. Converter
    27. ValiantValiant
  3. 3

    5:00 to 10:00

    Economy
    • Wind Turbine21Wind
    • Wind Turbine5Wind
    • Energy Converter6Converter
    Order
    1. Aircraft PlantEat Aircraft Plant
    2. Aircraft PlantAircraft Plant after 19 wind, 18 wind, 7 converterin 58% of games
    Builders
    • Construction Turret3 Con turret
    Army
    • Valiant9 Valiant

    Some games also: shuriken (47%) · fusion (38%) · con aircraft (35%) · light transport (31%)

    By 10:00 in all: 3 mex · 1 mex · 25 wind · 20 wind · 8 converter · 1 energy storage

    The example game in this phase · 180 steps
    1. Wind
    2. Converter
    3. ValiantValiant
    4. Wind
    5. Converter
    6. Wind
    7. ValiantValiant
    8. Wind
    9. Converter
    10. Wind
    11. ValiantValiant
    12. Wind
    13. Converter
    14. ValiantValiant
    15. Wind ×2
    16. ValiantValiant
    17. Wind
    18. Converter
    19. ValiantValiant
    20. Wind
    21. Converter
    22. Wind ×2
    23. Converter
    24. ValiantValiant
    25. Wind
    26. Converter
    27. Wind
    28. ValiantValiant
    29. Con turret
    30. Wind ×2
    31. Advanced Metal ExtractorT2 mexdone 7:12 · typical 6:54
    32. FinchFinch
    33. ShurikenShuriken
    34. Wind ×3
    35. Aircraft PlantEat Aircraft Plantreclaimed for its metal
    36. Wind ×2
    37. Advanced Metal ExtractorT2 mex
    38. Wind
    39. Advanced Metal ExtractorT2 mex
    40. Wind ×4
    41. Advanced Metal ExtractorT2 mex
    42. Wind
    43. Aircraft PlantAircraft Plantdone 8:20
    44. Wind ×2
    45. ShurikenShuriken
    46. Wind
    47. ShurikenShuriken ×3
    48. Wind
    49. ShurikenShuriken ×2
    50. Wind
    51. ShurikenShuriken
    52. Wind
    53. ShurikenShuriken
    54. Con turret
    55. Wind
    56. ShurikenShuriken
    57. Wind
    58. ShurikenShuriken
    59. ValiantValiant
    60. Wind
    61. ValiantValiant
    62. Wind
    63. ValiantValiant ×2
    64. Wind
    65. ValiantValiant
    66. Wind
    67. ValiantValiant
    68. Wind
    69. ValiantValiant ×2
    70. Wind
    71. Con turret ×2
    72. Wind
    73. ValiantValiant
    74. Wind
    75. ThistleThistle
    76. ValiantValiant ×5
    77. Wind
    78. ValiantValiant ×2
    79. ThistleThistle
    80. ValiantValiant ×3
    81. Wind
    82. Fusion ReactorFusiondone 14:11 · typical 10:53
    83. ValiantValiant ×2
    84. Wind
    85. ValiantValiant ×2
    86. Wind
    87. ValiantValiant
    88. Wind
    89. ValiantValiant
    90. Wind
    91. ValiantValiant ×2
    92. Wind
    93. ValiantValiant
    94. Wind
    95. ValiantValiant ×2
    96. Wind
    97. ValiantValiant ×2
    98. Wind
    99. ValiantValiant
    100. Construction AircraftCon aircraft
    101. Wind
    102. Construction AircraftCon aircraft
    103. Wind
    104. ValiantValiant
    105. Wind
    106. ValiantValiant ×3
    107. Wind
    108. ValiantValiant
    109. Con turret
    110. Wind
    111. Con turret
    112. Converter
    113. Wind
    114. Con turret
    115. ValiantValiant
    116. Con turret
    117. Wind
    118. ValiantValiant
    119. Converter
    120. Wind
    121. ValiantValiant ×2
    122. Converter
    123. Wind
    124. ValiantValiant ×2
    125. Wind
    126. ValiantValiant
    127. Energy storage
    128. ValiantValiant
    129. Wind
    130. ValiantValiant ×3
    131. Wind
    132. ValiantValiant ×3
    133. Wind
    134. ValiantValiant ×2
    135. Wind
    136. ValiantValiant ×3
    137. Wind
    138. ValiantValiant ×3
    139. Wind
    140. ValiantValiant ×3
    141. Wind
    142. ValiantValiant ×3
    143. Wind
    144. ValiantValiant ×2
    145. Wind
    146. ValiantValiant
    147. FinchFinch
    148. ValiantValiant ×2
    149. Wind
    150. ValiantValiant ×3
    151. Wind
    152. ValiantValiant ×2
    153. Wind
    154. ValiantValiant ×4
    155. Wind
    156. ValiantValiant
    157. ShurikenShuriken ×2
    158. Wind
    159. ShurikenShuriken ×4
    160. Wind
    161. ShurikenShuriken ×7
    162. Wind
    163. ShurikenShuriken ×4
    164. Wind
    165. ShurikenShuriken ×3
    166. Wind
    167. ShurikenShuriken ×3
    168. Wind
    169. ShurikenShuriken ×3
    170. Wind
    171. ShurikenShuriken ×13
    172. Wind
    173. ShurikenShuriken ×5
    174. Wind
    175. ShurikenShuriken ×4
    176. Wind
    177. ShurikenShuriken ×4
    178. Wind
    179. ShurikenShuriken ×4
    180. Wind

Counts are medians over the build's games: half of them build more, half fewer. The example game is Sdragona's (34 OS, 28/09/2026); pick another.

Team trades

IN AT LEAST 30% OF ITS GAMES

You hand over

  • Finch2 Finch to Geo sea or Beach seafirst at 1:50 · in 96% of games
  • Hercules3 Light transport to Tech or Geo sea or Beach seafirst at 2:06 · in 99% of games
  • Hephaestus1 Heavy transport to Beach sea or Pond or Techfirst at 2:23 · in 72% of games

You get

  • Wind Turbine3 Wind from Beach sea or Geo seafirst at 1:37 · in 64% of games
  • Wind Turbine3 Wind from Beach sea or Geo sea or Pondfirst at 1:42 · in 46% of games
  • Construction Bot1 Con bot from Techfirst at 2:23 · in 88% of games
  • Advanced Construction Bot1 T2 con bot from Techfirst at 6:05 · in 96% of games

How it plays out

Typical game of this build, running totals by minute

Metal produced

010k20k30k
0:005:0010:0015:00

metal

Enemy metal destroyed

01k2k
0:005:0010:0015:00

metal

Own metal lost

01k2k3k
0:005:0010:0015:00

metal

1811 games.

Show as table
ByMetal produced: This buildEnemy metal destroyed: This buildOwn metal lost: This build
1:0039200
2:0092300
3:00145600
4:002052051
5:0027635173
6:003707102124
7:005089146167
8:006902190219
9:009284230270
10:0011758292380
11:0014356369536
12:0017069512781
13:00198597811102
14:002270412641689
15:002573618132420
WHAT THE NUMBERS SAY

Standard air play wins less than half its games, with very low combat losses and kills since the role mostly supports rather than fights.

  • + Own metal lost stays very low, only 2701 by 15:00.
  • + Metal production reaches 25740 by 15:00, a strong support economy.
  • − Team wins under half of games (47%).
  • − Enemy metal destroyed stays low at 2097 by 15:00, showing little direct impact.
THE EXAMPLE YOU ARE READING

Sdragona

34.5 OS · 28/09/2026

Open source match ↗

7 received units · includes a constructor
468 metal received · 32828 energy received

Allied construction assistance is unknown. Timings are observations, not a promise of solo reproducibility.

Typical milestones

Aircraft Plant1:26Middle 50%: 1:14–1:35 · n=1811
Advanced Metal Extractor6:54Middle 50%: 6:27–7:26 · n=1751
Fusion Reactor10:53Middle 50%: 9:45–12:17 · n=1159

Played most by

TheGeneraI114games of this buildDad_The_Speedrunner72games of this buildHunfore62games of this buildDRM52games of this buildMilkdragon52games of this build